 Dungeon Crawl Stone Soup version 0.30-a0-222-ge547ba4400 (webtiles) character file.

Game seed: 3073593252946347368

809 qw the Chopper (level 7, -4/44 HPs)
             Began as a Gargoyle Fighter on Oct 8, 2022.
             Slain by an ogre
             ... wielding a +0 giant spiked club
              (14 damage)
             ... on level 5 of the Dungeon.
             The game lasted 00:01:40 (4122 turns).

qw the Chopper (Gargoyle Fighter)                   Turns: 4122, Time: 00:01:41

Health: -4/44      AC: 16    Str: 21    XL:     7   Next: 92%
Magic:  7/7        EV:  9    Int:  9    God:
Gold:   228        SH:  4    Dex:  9    Spells: 6/6 levels left

rFire   . . .      SeeInvis .    Y - +2 war axe
rCold   . . .      Faith    .    c - +0 buckler
rNeg    + . .      Spirit   .    r - +4 scale mail {rPois}
rPois   inf        Reflect  .    (no helmet)
rElec   +          Harm     .    (no cloak)
rCorr   .          Rampage  .    g - +0 pair of gloves
Will    .....                    (no boots)
Stlth   ..........               (no amulet)
HPRegen 0.27/turn                (no ring)
MPRegen 0.10/turn                (no ring)

@: about to teleport
A: sickness immunity, AC +4, negative energy resistance 1, electricity
resistance, torment resistance 1, petrification resistance
a: no special abilities


You were on level 5 of the Dungeon.
You visited 1 branch of the dungeon, and saw 5 of its levels.

You collected 228 gold pieces.


Innate Abilities, Weirdness & Mutations

You are immune to sickness and miasma.
Your stone body is resilient. (AC +4)
You are immune to poison.
You resist negative energy. (rN+)
You are resistant to electric shocks. (rElec)
You are resistant to unholy torment.
You are immune to petrification.


   Skills:
 - Level 5.5 Fighting
 - Level 7.0 Axes
 + Level 0.0 Throwing
 - Level 3.2 Armour
 - Level 1.0 Dodging
 - Level 3.2 Shields


You had 6 spell levels left.
You didn't know any spells.
Your spell library was empty.

Inventory:

Hand Weapons
 o - a +1 flail of protection
 Y - a +2 war axe (weapon)
Missiles
 e - a boomerang (quivered)
Armour
 c - a +0 buckler (worn)
 g - a +0 pair of gloves (worn)
 i - a +1 ring mail of cold resistance
 r - a +4 scale mail of poison resistance (worn)
Scrolls
 a - a scroll of identify
Potions
 d - a potion of might
 f - a potion of lignification
 j - a potion of mutation
 k - a potion of haste
 l - 3 potions of resistance
 n - a potion of heal wounds
 p - a potion of curing

Dungeon Overview and Level Annotations

Branches:
Dungeon (5/15)
 Temple: D:4-7

Altars:
Dithmenos
Gozag
Kikubaaqudgha
Ru
Zin


Message History

You hit the black bear.
The black bear is severely wounded.
The black bear bites you but does no damage.
The black bear claws you but does no damage.
You block the black bear's attack.
You slash the black bear!
You kill the black bear!
Your Fighting skill increases to level 5!
A steam dragon comes into view.
The steam dragon hisses angrily.
Enter note: The steam dragon breathes steam at you.
The ball of steam hits you!
You hear a shout!
4115 ||| Stepping ~*~*~tactically~*~*~ (cloud).
You start resting.
An ogre comes into view. It is wielding a +0 giant spiked club.
The ogre shouts!
You hear a bark!
The steam dragon breathes steam at you.
The ball of steam hits you but does no damage.
You slash the steam dragon!
The steam dragon is moderately wounded.
The steam dragon breathes steam at you. The ball of steam hits you!
You hit the steam dragon.
The steam dragon is heavily wounded.
You are engulfed in a cloud of scalding steam.
The steam dragon misses you.
The steam dragon claws you but does no damage.
You hit the steam dragon.
The steam dragon is severely wounded.
You are engulfed in a cloud of scalding steam.
The steam dragon barely misses you. The steam dragon completely misses you.
The steam dragon bites you. The steam dragon claws you.
4122 ||| READING scroll of teleportation.
As you read the scroll of teleportation, it crumbles to dust.
You feel strangely unstable.
The ogre is engulfed in a cloud of scalding steam.
The ogre hits you with a +0 giant spiked club!
You die...

.........####...####
#.....#..#.##...#.##
..##.###...........
#.........###...##.
#...¤.¤#..####...#
#..¤¤........#..##
#.¤.¤.#........##.
#..####O¤...#..#####....
#....D@¤¤¤....###...##.
#......¤¤........#..##
..###.##.#..........# ##
###.....#.#.##
#....####### ###.## ###


You could see a steam dragon and an ogre.

Vanquished Creatures
  Edmund (D:4)
  A black bear (D:5)
  3 ogres (D:4)
  Blork the orc (D:4)
  A necrophage (D:3)
  A scorpion (D:4)
  Jessica (D:2)
  4 adders
  A worm (D:3)
  3 dart slugs
  12 ball pythons
  8 bats
  8 endoplasms
  3 giant cockroaches
  15 goblins
  5 hobgoblins
  6 jackals
  4 quokkas
  5 frilled lizards
  11 kobolds
  5 rats
99 creatures vanquished.

Vanquished Creatures (others)
  A human (D:4)
1 creature vanquished.

Grand Total: 100 creatures vanquished

Notes
Turn   | Place    | Note
-------+----------+-------------------------------------------
     0 | D:1      | qw the Gargoyle Fighter began the quest for the Orb.
     0 | D:1      | Reached XP level 1. HP: 14/14 MP: 1/1
     0 | D:1      | 0 ||| qw: Version: 0.2-a-17-g06abaee
     0 | D:1      | 0 ||| qw: Game counter: 2052
     0 | D:1      | 0 ||| qw: Always use a shield: true
     0 | D:1      | 0 ||| qw: God list: Okawaru
     0 | D:1      | 0 ||| qw: Allow faded altars: false
     0 | D:1      | 0 ||| qw: Do Orc after D:15 true
     0 | D:1      | 0 ||| qw: Do second Lair branch before Depths: true
     0 | D:1      | 0 ||| qw: Lair rune preference: random
     0 | D:1      | 0 ||| qw: Plans: Normal, Zot:1-4, God:TSO, Crypt, Tomb,
                  | Pan, Slime:5, Hells, Abyss, Orb
     0 | D:1      | 0 ||| PLANNING D:1-11
    81 | D:1      | Reached skill level 2 in Axes
   212 | D:1      | Reached XP level 2. HP: 19/19 MP: 2/2
   367 | D:1      | Reached skill level 3 in Axes
   462 | D:1      | Reached XP level 3. HP: 23/23 MP: 3/3
   701 | D:1      | 701 ||| UPGRADING to +0 pair of gloves.
   706 | D:1      | 706 ||| READING 3 scrolls labelled KYUREEZ EZAK.
   707 | D:1      | 707 ||| READING 2 scrolls labelled WYEJOTTOZU.
   813 | D:1      | 813 ||| READING scroll labelled UFAGU VEFUS.
   814 | D:1      | 814 ||| READING 2 scrolls of identify.
   814 | D:1      | 814 ||| IDENTIFYING fuming green potion
   815 | D:1      | 815 ||| Stepping randomly (stuck).
   816 | D:1      | 816 ||| Stepping randomly (stuck).
   820 | D:1      | 820 ||| DROPPING +0 club.
   830 | D:1      | 830 ||| Stepping randomly (stuck).
   831 | D:1      | 831 ||| Stepping randomly (stuck).
   832 | D:1      | 832 ||| Stepping randomly (stuck).
   833 | D:1      | 833 ||| Stepping randomly (stuck).
  1161 | D:2      | 1161 ||| STAIRDANCE
  1166 | D:2      | 1166 ||| STAIRDANCE
  1414 | D:2      | 1414 ||| Stepping ~*~*~tactically~*~*~ (stealth).
  1415 | D:2      | 1415 ||| Stepping ~*~*~tactically~*~*~ (stealth).
  1451 | D:2      | Reached XP level 4. HP: 28/28 MP: 4/4
  1700 | D:2      | 1700 ||| Stepping ~*~*~tactically~*~*~ (hiding).
  1826 | D:2      | Noticed Jessica
  1827 | D:2      | 1827 ||| Stepping ~*~*~tactically~*~*~ (hiding).
  1829 | D:2      | 1829 ||| Stepping ~*~*~tactically~*~*~ (hiding).
  1836 | D:2      | Killed Jessica
  1837 | D:2      | Reached skill level 4 in Axes
  2268 | D:2      | 2268 ||| UPGRADING to +1 ring mail of cold resistance.
  2278 | D:2      | 2278 ||| READING scroll labelled LERAHOQ OGHI.
  2279 | D:2      | 2279 ||| READING 3 scrolls of identify.
  2279 | D:2      | 2279 ||| IDENTIFYING fuming black potion
  2280 | D:2      | 2280 ||| READING 2 scrolls of identify.
  2280 | D:2      | 2280 ||| IDENTIFYING glowing puce potion
  2281 | D:2      | 2281 ||| DROPPING potion of ambrosia.
  2455 | D:3      | Found an opulent altar of Gozag.
  2472 | D:3      | Noticed a necrophage
  2482 | D:3      | Killed a necrophage
  2483 | D:3      | Reached skill level 5 in Axes
  2483 | D:3      | Reached XP level 5. HP: 32/32 MP: 5/5
  2568 | D:3      | 2568 ||| Stepping ~*~*~tactically~*~*~ (hiding).
  2634 | D:3      | 2634 ||| Stepping ~*~*~tactically~*~*~ (stealth).
  2656 | D:3      | 2656 ||| DROPPING +0 whip.
  2741 | D:3      | Found a faded altar of an unknown god.
  2790 | D:3      | Reached skill level 1 in Dodging
  2812 | D:3      | Found a shadowy altar of Dithmenos.
  2828 | D:3      | Found a glowing silver altar of Zin.
  2851 | D:3      | Found a sacrificial altar of Ru.
  3042 | D:3      | 3042 ||| READING scroll labelled SEUMIF AMMYPLI.
  3043 | D:3      | 3043 ||| DRINKING 2 fuming brown potions.
  3044 | D:3      | 3044 ||| READING 2 scrolls of identify.
  3044 | D:3      | 3044 ||| IDENTIFYING fuming silvery potion
  3066 | D:4      | Noticed Edmund
  3082 | D:4      | Killed Edmund
  3083 | D:4      | Reached XP level 6. HP: 19/40 MP: 6/6
  3164 | D:4      | 3164 ||| DROPPING +0 whip of electrocution.
  3170 | D:4      | Noticed Blork the orc
  3178 | D:4      | Killed Blork the orc
  3198 | D:4      | 3198 ||| FLEEEEING.
  3199 | D:4      | 3199 ||| FLEEEEING.
  3228 | D:4      | 3228 ||| DROPPING +1 vorpal flail.
  3323 | D:4      | Reached XP level 7. HP: 26/44 MP: 7/7
  3325 | D:4      | Reached skill level 6 in Axes
  3440 | D:4      | 3440 ||| READING scroll of enchant weapon.
  3440 | D:4      | 3440 ||| ENCHANTING +1 war axe.
  3709 | D:4      | Found an ancient bone altar of Kikubaaqudgha.
  3712 | D:4      | Noticed a human
  3713 | D:4      | Killed a human
  3777 | D:4      | Reached skill level 7 in Axes
  4018 | D:4      | 4018 ||| DROPPING +0 scale mail.
  4019 | D:4      | 4019 ||| UPGRADING to +4 scale mail of poison resistance.
  4029 | D:4      | 4029 ||| READING 2 scrolls labelled VOUTIPAOLL.
  4030 | D:4      | 4030 ||| READING scroll labelled FIFRED CEOKI MUWN.
  4031 | D:4      | 4031 ||| READING scroll labelled BUHESMUDIRPH.
  4032 | D:4      | 4032 ||| DRINKING 2 brown potions.
  4033 | D:4      | 4033 ||| READING 4 scrolls of identify.
  4033 | D:4      | 4033 ||| IDENTIFYING lumpy red potion
  4034 | D:4      | 4034 ||| READING 3 scrolls of identify.
  4034 | D:4      | 4034 ||| IDENTIFYING golden potion
  4035 | D:4      | 4035 ||| READING 2 scrolls of identify.
  4035 | D:4      | 4035 ||| IDENTIFYING puce potion
  4036 | D:4      | 4036 ||| DROPPING potion of magic.
  4037 | D:4      | 4037 ||| DROPPING potion of degeneration.
  4038 | D:4      | 4038 ||| DROPPING scroll of amnesia.
  4069 | D:5      | Entered Level 5 of the Dungeon
  4113 | D:5      | Noticed a steam dragon
  4115 | D:5      | 4115 ||| Stepping ~*~*~tactically~*~*~ (cloud).
  4121 | D:5      | HP: 9/44 [steam dragon (5)]
  4122 | D:5      | 4122 ||| READING scroll of teleportation.
  4122 | D:5      | Slain by an ogre

Levels and vault maps discovered:
D:1:      nagdon_arrival_double_spiral, layout_basic, st_stairs_6,
          hangedman_glass_teeth, minmay_split_cup_small
D:2:      layout_loops_corners, uniq_jessica
D:3:      layout_basic, nicolae_overflow_quartered_altars,
          dreamdust_ecumenical_altar_hidden_monk_grotto
D:4:      layout_loops_ring, tgw_kikubaaqudgha, minmay_ogre_servants,
          uniq_blork_the_orc, uniq_edmund
D:5:      layout_cave_pools, nicolae_uskayaw_en_pointe, st_stairs_7,
          nicolae_sextant

Skill      XL: |  1  2  3  4  5  6  7 |
---------------+----------------------+-----
Axes           | 2 3 5 7 |  7.0
Dodging        | 1 |  1.0
Fighting       | 4 5 |  5.5
Armour         | |  3.2
Shields        | |  3.2

Action                   |  1- 3 |  4- 6 |  7- 9 || total
-------------------------+-------+-------+-------++-------
Melee: War axe           |   143 |    96 |    58 ||   297
Throw: Boomerang         |       |    39 |    21 ||    60
  Use: Scroll            |     4 |     5 |     8 ||    17
       Potion            |       |     1 |     1 ||     2
Armor: Scale mail        |    88 |    21 |     6 ||   115
       Ring mail         |       |    26 |    15 ||    41
Dodge: Dodged            |    74 |    44 |    26 ||   144
Block: Buckler           |    18 |    21 |    14 ||    53

Table legend:
 A = Non-vault XP
 B = Vault XP
 C = Vault XP percentage of total XP
 D = Non-vault monster count
 E = Vault monster count
 F = Vault count percentage of total count
                 A         B        C        D         E       F
            +---------+---------+-------+---------+---------+-------
      Total |     717 |     440 |  38.0 |      82 |      17 |  17.2
            +---------+---------+-------+---------+---------+-------
        D:1 |      46 |       8 |  14.8 |      31 |       5 |  13.9
        D:2 |      41 |      37 |  47.4 |      15 |       1 |   6.2
        D:3 |     134 |       0 |   0.0 |      18 |       0 |   0.0
        D:4 |     368 |     395 |  51.8 |      17 |      11 |  39.3
        D:5 |     128 |       0 |   0.0 |       1 |       0 |   0.0
            +---------+---------+-------+---------+---------+-------
